 Dungeon Crawl Stone Soup version 0.15.2 (webtiles) character file.

2121 striepan the Carver (level 9, -3/82 HPs)
             Began as a Minotaur Fighter on Dec 21, 2014.
             Slain by Ibbixzia the merfolk
             ... wielding a +0 trident of protection
             ... created by the player character
              (12 damage)
             ... on Level 6 of the Dungeon.
             The game lasted 00:31:17 (5791 turns).

striepan the Carver (Minotaur Fighter)              Turns: 5791, Time: 00:31:17

HP  -3/82        AC 14     Str 20      XL: 9   Next:  8%
MP   4/4         EV  3     Int 10      God:
Gold 392         SH  9     Dex 14      Spells:  0 memorised,  8 levels left

rFire  . . .     SeeInvis .     a - +0 long sword
rCold  . . .     Clarity  .     p - +0 plate armour
rNeg   . . .     rCorr    .     c - +0 shield
rPois  .         rRot     .     (helmet restricted)
rElec  .         Spirit   .     l - +0 cloak
SustAb .         Warding  .     (no gloves)
rMut   .         Stasis   .     (no boots)
Gourm  .                        D - cursed amulet of inaccuracy
MR     .....                    (no ring)
                                y - +5 ring of intelligence

@: not resistant to hostile enchantments, extremely unstealthy
A: retaliatory headbutt, horns 2
a: no special abilities


You were on level 6 of the Dungeon.
You were not hungry.

You visited 1 branch of the dungeon, and saw 6 of its levels.
You also visited: Sewer.

You collected 392 gold pieces.

Inventory:

Hand weapons
 a - a +0 long sword (weapon)
Armour
 b - a +0 scale mail
 c - a +0 shield (worn)
 l - a +0 cloak (worn)
 m - a +0 chain mail
 p - a +0 plate armour (worn)
 w - the -5 chain mail "Thio" {rC+ SInv Stlth+ Curse}
   (You found it in a sewer)

   It protects you from cold.
   It enhances your eyesight.
   It may recurse itself when equipped.
   It makes you more stealthy.
Magical devices
 G - a wand of draining (3) {unknown}
Comestibles
 d - 4 bread rations
 g - 7 fruits
 n - a beef jerky
 r - a royal jelly
 F - a meat ration
 I - a chunk of orc flesh
Scrolls
 f - a scroll of recharging
 i - 5 scrolls of identify
 o - 2 scrolls of blinking
 u - a scroll of fear {unknown}
 x - a scroll of enchant weapon {unknown}
 A - a scroll of enchant armour {unknown}
 C - 2 scrolls of magic mapping
 E - a scroll of noise {unknown}
Jewellery
 y - a +5 ring of intelligence (left hand)
 D - a cursed amulet of inaccuracy (around neck)
Potions
 h - a potion of heal wounds {unknown}
 j - 4 potions of curing
 k - a potion of mutation {unknown}
 q - 2 potions of poison {unknown}
 s - 2 potions of cancellation {unknown}
 t - 2 potions of lignification {unknown}
 v - 3 potions of magic {unknown}
 z - a potion of haste {unknown}
 B - a potion of restore abilities {unknown}
 H - a potion of berserk rage {unknown}
Miscellaneous
 e - a plain deck of changes {drawn: 1}


   Skills:
 * Level 8.5 Fighting
 - Level 11.0 Long Blades
 + Level 6.3 Armour
 - Level 3.6 Shields


You had 8 spell levels left.
You didn't know any spells.

Dungeon Overview and Level Annotations

Branches:
Dungeon (6/15)
 Temple: D:4-7

Altars:
Dithmenos
Elyvilon
Makhleb
Nemelex Xobeh
Trog
Yredelemnul

Shops:
D:4 =:[   D:6 *

Annotations:
D:6 exclusion: oklob plant


Innate Abilities, Weirdness & Mutations

You reflexively headbutt those who attack you in melee.
You have a pair of horns on your head.


Message History

You miss Ibbixzia.
Ibbixzia is almost dead.
Ibbixzia hits you with a runed trident!
* * * LOW HITPOINT WARNING * * *
You barely miss Ibbixzia. Your headbutt misses Ibbixzia.
Ibbixzia is almost dead.
You closely miss Ibbixzia.
Ibbixzia is almost dead.
Ibbixzia hits you but does no damage.
You hit Ibbixzia but do no damage.
Ibbixzia is almost dead.
You block Ibbixzia's attack.
You closely miss Ibbixzia.
Ibbixzia is almost dead.
Ibbixzia hits you but does no damage.
You closely miss Ibbixzia.
You headbutt Ibbixzia, but do no damage.
Ibbixzia is almost dead.
Ibbixzia hits you with a runed trident!
You die...

##.# ####
#.# #.# #.#
#.#
######.##
#.......#
#._.....##
#.m@.....#
#......#.#
#......#.#
#......#.#
$.......#..
.....######.
..._.# ..
....# .. .


You could see Ibbixzia the merfolk.

Vanquished Creatures
  The ghost of striepan the Carver, an experienced MiFi of Okawaru (D:5)
  A hungry ghost (D:4)
  An orc warrior (D:6)
  A phantom (D:5)
  An ice beast (D:5)
  A sky beast (D:5)
  A centaur (D:5)
  2 ogres
  4 big kobolds
  A giant frog (D:6)
  A scorpion (D:5)
  3 hounds
  3 orc priests
  5 orc wizards
  5 worker ants
  Ijyb (D:3)
  Jessica (D:2)
  Terence (D:2)
  2 adders
  5 gnolls
  A shadow imp (D:5)
  A giant mite (D:1)
  3 worms
  3 giant geckos
  13 orcs
  4 giant cockroaches
  2 gnoll zombies (D:2)
  A green rat skeleton (Sewer)
  2 green rat zombies (Sewer)
  7 hobgoblins
  13 jackals
  5 quokkas
  13 bats
  A giant cockroach zombie (D:6)
  3 giant newts
  15 goblins
  A hobgoblin skeleton (D:5)
  17 kobolds
  2 orc skeletons
  21 rats
  2 rat skeletons
  2 rat zombies (Sewer)
173 creatures vanquished.

Notes
Turn   | Place    | Note
--------------------------------------------------------------
     0 | D:1      | striepan, the Minotaur Fighter, began the quest for the Orb.
     0 | D:1      | Reached XP level 1. HP: 19/19 MP: 1/1
   155 | D:1      | Reached XP level 2. HP: 21/26 MP: 1/1
   358 | D:1      | Reached skill level 4 in Long Blades
   358 | D:1      | Reached XP level 3. HP: 31/31 MP: 2/2
   735 | D:2      | Found a basalt altar of Yredelemnul.
   855 | D:2      | Reached skill level 5 in Long Blades
   867 | D:2      | Noticed Terence
   877 | D:2      | Killed Terence
   877 | D:2      | Reached XP level 4. HP: 35/39 MP: 2/2
   969 | D:2      | Noticed Jessica
   972 | D:2      | Killed Jessica
  1445 | D:3      | Noticed Ijyb
  1459 | D:3      | Killed Ijyb
  1485 | D:3      | Found a burning altar of Makhleb.
  1485 | D:3      | Noticed a blizzard demon
  1502 | D:3      | Noticed an orange demon
  1502 | D:3      | Noticed a neqoxec
  1688 | D:3      | Reached skill level 6 in Long Blades
  1742 | D:3      | Reached XP level 5. HP: 46/46 MP: 2/2
  2010 | D:3      | Found a glowing drain.
  2014 | Sewer    | Entered a sewer
  2231 | Sewer    | Got a steaming chain mail
  2255 | Sewer    | Reached skill level 7 in Long Blades
  2255 | Sewer    | Reached XP level 6. HP: 35/55 MP: 3/3
  2389 | Sewer    | Reached skill level 5 in Fighting
  3068 | D:4      | Noticed a hungry ghost
  3087 | D:4      | Killed a hungry ghost
  3087 | D:4      | Reached XP level 7. HP: 46/63 MP: 3/3
  3149 | D:3      | Identified the cursed -5 chain mail "Thio" {rC+ SInv Stlth+ Curse} (You found it in a sewer)
  3226 | D:4      | Reached skill level 8 in Long Blades
  3566 | D:4      | Reached skill level 5 in Armour
  3875 | D:4      | Found a white marble altar of Elyvilon.
  4058 | D:4      | Found Vada Che's Jewellery Shop.
  4070 | D:4      | Found Brioquecw's Book Shoppe.
  4259 | D:4      | Found Acian's Antique Armour Shoppe.
  4561 | D:5      | Entered Level 5 of the Dungeon
  4737 | D:5      | Reached skill level 9 in Long Blades
  4737 | D:5      | Reached XP level 8. HP: 55/70 MP: 3/3
  4844 | D:5      | Noticed striepan's ghost (experienced MiFi)
  5064 | D:5      | Killed striepan's ghost
  5293 | D:5      | Reached skill level 10 in Long Blades
  5336 | D:6      | Found a bloodstained altar of Trog.
  5336 | D:6      | Noticed an oklob plant
  5472 | D:6      | Found Qouteuf's General Store.
  5709 | D:6      | Reached XP level 9. HP: 80/82 MP: 4/4
  5723 | D:6      | Reached skill level 11 in Long Blades
  5750 | D:6      | Found a sparkling altar of Nemelex Xobeh.
  5755 | D:6      | Found a shadowy altar of Dithmenos.
  5791 | D:6      | Slain by Ibbixzia the merfolk

Action                   |  1- 3 |  4- 6 |  7- 9 || total
-------------------------+-------+-------+-------++-------
Melee: Long sword        |    87 |   264 |   270 ||   621
Evoke: Deck              |       |       |     1 ||     1
  Use: Scroll            |       |     7 |     2 ||     9
       Potion            |       |       |     4 ||     4
  Eat: Chunk             |       |     7 |    10 ||    17
       Fruit             |       |     1 |       ||     1
